 Dungeon Crawl Stone Soup version 0.23-a0-767-gdc19b93d68 (webtiles) character file.

37 yrara the Skirmisher (level 3, 0/29 HPs)
             Began as a Demonspawn Fighter on Jan 19, 2019.
             Slain by a gnoll
             ... wielding a +0 spear
              (4 damage)
             ... on level 1 of the Dungeon.
             The game lasted 00:01:11 (1145 turns).

yrara the Skirmisher (Demonspawn Fighter)           Turns: 1145, Time: 00:01:12

Health: 0/29       AC:  6    Str: 17    XL:     3   Next: 21%
Magic:  3/3        EV: 10    Int:  9    God:
Gold:   45         SH:  0    Dex: 12    Spells: 2/2 levels left

rFire    . . .     SeeInvis .   a - +0 flail
rCold    . . .     Gourm    .   (no shield)
rNeg     . . .     Faith    .   b - +0 scale mail
rPois    .         Spirit   .   (no helmet)
rElec    .         Reflect  .   (no cloak)
rCorr    .         Harm     .   (no gloves)
MR       .....                  (no boots)
Stlth    +.........             (no amulet)
HPRegen  0.09/turn              (no ring)
MPRegen  0.08/turn              (no ring)

@: no status effects
A: nightstalker 1, sturdy frame 1
a: no special abilities


You were on level 1 of the Dungeon.
You were not hungry.

You visited 1 branch of the dungeon, and saw 2 of its levels.

You collected 45 gold pieces.

Inventory:

Hand Weapons
 a - a +0 flail (weapon)
Armour
 b - a +0 scale mail (worn)
 c - a +0 shield
Scrolls
 e - 3 scrolls of identify {unknown}
 h - 2 scrolls of fear {unknown}
Potions
 d - a potion of might
 g - a potion of haste {unknown}
 i - a potion of degeneration {unknown}
 k - a potion of heal wounds {unknown}
Comestibles
 f - a ration
 j - 2 chunks of flesh


   Skills:
 + Level 3.3 Fighting
 * Level 2.7 Maces & Flails
 + Level 3.0 Armour
 - Level 2.6 Shields


You had 2 spell levels left.
You didn't know any spells.
Your spell library was empty.

Dungeon Overview and Level Annotations

Branches:
Dungeon (2/15)

Altars:


Innate Abilities, Weirdness & Mutations

You are slightly more attuned to the shadows.
Your movements are slightly less encumbered by armour. (ER -2)


Message History

This raw flesh tastes terrible.
HP restored.
Unknown command.
You climb downwards.
The bat hits you but does no damage. The bat closely misses you.
The gnoll closely misses you. The gnoll barely misses you.
The gnoll hits you with a +0 spear. x2
The gnoll completely misses you.
There is a stone staircase leading up, spattered with blood here.
Unknown command.
The bat closely misses you. The gnoll barely misses you.
The bat barely misses you. The gnoll hits you with a +0 spear!
The gnoll closely misses you.
You climb upwards.
There is a stone staircase leading down here.
Unknown command.
The gnoll hits you with a +0 spear. The bat closely misses you.
The gnoll hits you from afar with a +0 spear.
* * * LOW HITPOINT WARNING * * *
The gnoll hits you from afar with a +0 spear.
You die...

##.# #.# ...# #.##########
#### #..........#
#..###.###.# ##..#.....#.##
#...#.....#.(#
#......g.g...#
##########...#..g>.#..#
.........)...#..@b.#..#
##########...###.###..######
# ##.## #.................#
###.#.## #......###.#.####.#
...###.###......###.#.####.#
#.## ##.###'#####........#.#
...###.###...## #.#.#....#.#
###.#.###.....###.#.###..#.#
#.##.###.......##.#.#.#..#.#


You could see 3 gnolls and a bat.

Vanquished Creatures
  An adder (D:1)
  A leopard gecko (D:1)
  2 giant cockroaches (D:1)
  4 hobgoblins (D:1)
  3 bats (D:1)
  A frilled lizard (D:1)
  10 goblins
  A kobold (D:1)
  2 rats (D:1)
25 creatures vanquished.

Notes
Turn   | Place    | Note
-------+----------+-------------------------------------------
     0 | D:1      | yrara the Demonspawn Fighter began the quest for the Orb.
     0 | D:1      | Reached XP level 1. HP: 18/18 MP: 1/1
   263 | D:1      | Gained mutation: Your movements are slightly less
                  | encumbered by armour. (ER -2) [demonic ancestry]
   263 | D:1      | Reached XP level 2. HP: 24/24 MP: 2/2
   785 | D:1      | Gained mutation: You are slightly more attuned to the
                  | shadows. [demonic ancestry]
   785 | D:1      | Reached XP level 3. HP: 9/29 MP: 3/3
  1145 | D:1      | Slain by a gnoll

Vault maps used:
D:1:      lightli_arrival_flooded_house, st_stairs_3
D:2:      old_standard_altar, minmay_tall_x

Skill      XL: |  1  2 |
---------------+-------+-----
Maces & Flails | 2 |  2.7
Armour         | 3 |  3.0
Fighting       | |  3.3
Shields        | |  2.6

Action                   || total
-------------------------++-------
Melee: Flail             ||    76
  Eat: Chunk             ||     1
Armor: Scale mail        ||    61
Dodge: Dodged            ||    78

Table legend:
 A = Non-vault XP
 B = Vault XP
 C = Vault XP percentage of total XP
 D = Non-vault monster count
 E = Vault monster count
 F = Vault count percentage of total count
                 A         B        C        D         E       F
            +---------+---------+-------+---------+---------+-------
      Total |      31 |      22 |  41.5 |      19 |       6 |  24.0
            +---------+---------+-------+---------+---------+-------
        D:1 |      31 |      20 |  39.2 |      19 |       5 |  20.8
        D:2 |       0 |       2 | 100.0 |       0 |       1 | 100.0
            +---------+---------+-------+---------+---------+-------
